Map: Cyber Forest LE

Players

Impact

  • Race: Zerg Zerg
  • Spawn Location: 5:00

Stats - Winner!

  • Race: Protoss Protoss
  • Spawn Location: 11:00

Event: IEM Season 13: Katowice (2019)

VOD

Have the link to the VOD?

Description

Time

  • Played on: Feb. 26, 2019, 10:59 a.m.
  • Length: 8:57

All games in this series

Show
View Real Time Build Order
Export as new Build Order

Impact Zerg 

Build Orders: Hatch First 

Get SALT Encoding   

  12  0:00  Drone  
  13  0:12  Overlord  
  13  0:18  Drone  
  14  0:31  Drone  
  15  0:44  Hatchery  
  15  0:48  Drone  
  15  0:52  Drone  
  15  0:55  Drone  
  17  0:59  Drone  
  18  1:10  Drone  
  19  1:13  Extractor  
  18  1:19  Spawning Pool  
  18  1:22  Drone  
  18  1:31  Drone  
  19  1:43  Drone  
  20  1:51  Hatchery  
  19  1:55  Drone  
  20  2:02  Drone  
  20  2:06  Queen  
  23  2:12  Drone  
  24  2:20  Queen  
  26  2:25  Zergling x2  
  26  2:26  Zergling x2  
  28  2:31  Metabolic Boost  
  28  2:37  Overlord  
  28  2:55  Queen  
  28  2:56  Zergling x6, Drone  
  28  2:57  Drone  
  35  3:01  Drone  
  36  3:07  Drone  
  36  3:10  Drone x2  
  36  3:22  Drone x3  
  37  3:27  Spore Crawler  
  37  3:29  Drone  
  36  3:38  Overlord x2  
  36  3:42  Spore Crawler  
  35  3:50  Overlord  
  35  3:57  Drone x4  
  35  3:58  Drone  
  35  4:00  Drone  
  41  4:04  Drone x2  
  41  4:06  Drone  
  44  4:14  Spore Crawler  
  44  4:15  Drone x2  
  45  4:17  Drone  
  45  4:18  Drone  
  45  4:22  Drone x2  
  49  4:27  Zergling x6  
  52  4:31  Queen  
  52  4:36  Overlord  
  52  4:37  Drone  
  54  4:44  Extractor  
  54  4:45  Roach Warren  
  52  4:46  Drone  
  52  4:47  Extractor, Drone  
  52  4:49  Drone  
  52  4:50  Drone  
  55  4:55  Drone x3  
  55  4:57  Drone  
  55  4:59  Drone  
  60  5:02  Drone  
  60  5:03  Overlord  
  61  5:10  Lair  
  61  5:13  Drone  
  61  5:14  Drone x3  
  65  5:18  Overlord  
  64  5:21  Overlord  
  64  5:25  Drone x2  
  64  5:27  Roach x2  
  66  5:30  Overlord  
  66  5:37  Roach x3  
  66  5:40  Roach  
  66  5:41  Roach  
  76  5:44  Roach  
  76  5:47  Roach  
  76  5:49  Roach  
  82  5:50  Roach  
  82  5:53  Roach  
  82  5:54  Roach x2  
  88  5:59  Overlord  
  88  6:00  Overlord  
  88  6:10  Overlord x4  
  88  6:13  Glial Reconstitution  
  88  6:15  Extractor  
  86  6:19  Drone  
  86  6:20  Drone x4  
  91  6:28  Overlord x3  
  89  6:43  Drone, Infestation Pit  
  89  6:44  Roach, Extractor, Drone x4  
  89  6:45  Roach x3  
  100  6:49  Roach x2  
  104  6:54  Roach x3  
  104  6:57  Overseer  
  104  6:58  Evolution Chamber  
  104  7:00  Drone  
  110  7:05  Overlord  
  110  7:11  Drone  
  110  7:12  Drone x6  
  110  7:15  Extractor  
  116  7:18  Overlord  
  116  7:21  Roach  
  118  7:30  Overlord x3  
  118  7:32  Roach x2  
  118  7:33  Roach x3  
  118  7:34  Ravager x4  
  131  7:37  Ravager  
  131  7:38  Roach, Zergling x2  
  131  7:40  Roach  
  131  7:42  Roach, Zergling x2  
  140  7:45  Roach  
  140  7:47  Roach  
  140  7:50  Roach  
  146  7:52  Overlord  
  148  7:58  Roach  
  148  8:03  Roach  
  150  8:10  Roach  
  150  8:12  Roach, Zergling x2  
  142  8:13  Ravager, Zergling x8  
  142  8:16  Roach, Zergling x2  
  130  8:20  Roach  
  130  8:24  Zergling x2  
  130  8:25  Zergling x2  
  118  8:32  Roach  
  96  8:36  Roach x4  
Show
View Real Time Build Order
Export as new Build Order

Stats Protoss - Winner!

Build Orders: 1 Gate Expand, Oracle Opening, Zealot Archon, Archon Drop 

Get SALT Encoding   

  12  0:00  Probe  
  13  0:12  Probe  
  14  0:17  Pylon  
  14  0:24  Probe  
  15  0:32  Probe  
  15  0:38  Gateway  
  15  0:40  Probe  
  16  0:47  Assimilator  
  17  0:51  Probe  
  18  1:03  Probe  
  19  1:15  Probe  
  20  1:25  Cybernetics Core  
  20  1:33  Nexus  
  21  1:41  Pylon  
  21  1:44  Probe  
  21  1:50  Assimilator  
  21  1:52  Adept  
  21  1:56  Probe  
  22  2:08  Probe  
  25  2:13  Adept  
  25  2:20  Probe  
  28  2:27  Stargate  
  28  2:32  Probe  
  28  2:36  Warp Gate  
  29  2:44  Probe x2  
  29  2:45  Stalker  
  33  2:52  Probe  
  33  2:56  Probe  
  35  3:02  Probe  
  36  3:08  Oracle  
  36  3:09  Probe  
  40  3:20  Probe  
  40  3:21  Probe  
  40  3:25  Pylon  
  40  3:26  Assimilator  
  42  3:27  Assimilator  
  42  3:32  Probe  
  42  3:33  Probe  
  42  3:34  Oracle  
  44  3:40  Gateway  
  44  3:44  Probe  
  44  3:45  Probe  
  49  3:56  Probe  
  49  3:57  Probe, Robotics Facility  
  49  4:01  Pylon  
  51  4:08  Probe  
  51  4:09  Probe  
  53  4:15  Twilight Council  
  53  4:20  Probe  
  53  4:21  Probe  
  53  4:22  Gateway  
  55  4:25  Gateway  
  55  4:34  Pylon, Probe x2  
  55  4:35  Warp Prism  
  57  4:52  Templar Archives  
  59  4:57  Zealot, Pylon  
  61  5:00  Zealot  
  61  5:04  Observer  
  63  5:09  Nexus  
  64  5:15  Pylon  
  64  5:19  Probe x2  
  59  5:28  Immortal, High Templar x2  
  59  5:29  High Templar x2  
  59  5:31  Probe x2  
  59  5:32  Pylon  
  59  5:33  Archon  
  59  5:34  Archon  
  69  5:37  Forge  
  73  5:55  Protoss Ground Weapons Level 1  
  73  5:56  Probe x2  
  75  5:57  Immortal  
  75  5:58  Pylon  
  75  6:04  Gateway  
  75  6:06  Sentry x2  
  83  6:12  Zealot  
  83  6:15  Pylon  
  85  6:19  Charge  
  85  6:25  Pylon  
  85  6:28  Gateway  
  85  6:38  Probe x3  
  88  6:42  Immortal  
  88  6:44  Gateway  
  92  6:50  Pylon  
  92  6:53  Sentry x2  
  96  6:56  Gateway  
  96  6:59  Zealot  
  98  7:02  Zealot  
  98  7:05  Probe x3  
  103  7:08  Shield Battery  
  103  7:14  Zealot  
  105  7:20  Zealot x3  
  111  7:25  Zealot  
  113  7:30  Pylon  
  113  7:39  Zealot x3  
  113  7:41  Probe x3  
  113  7:44  Zealot x3  
  128  7:47  Zealot  
  130  8:02  Zealot x2  
  134  8:09  Sentry x3, Zealot  
  134  8:10  Sentry  
  134  8:16  Zealot  
  119  8:25  Zealot x2  
  109  8:33  Zealot x3  
  105  8:34  Zealot x2  
  105  8:36  Zealot  
  101  8:50  Zealot x2  

Tags
 
Add a new tag
Caveats
  • Supply blocks, unpowered buildings, or Contaminate may cause inaccurate times.
  • Supply counts are checked every 10 seconds.